 Dungeon Crawl Stone Soup version 0.23.0-3-gf3c87f2 (webtiles) character file.

Game seed: 10941969078273272262

2524 Azzok the Fighter (level 9, -1/85 HPs)
             Began as a Centaur Berserker on Feb 22, 2019.
             Was an Elder of Trog.
             Slain by a gnoll sergeant
             ... wielding a cursed +0 trident
              (8 damage)
             ... on level 8 of the Dungeon.
             The game lasted 00:10:06 (8731 turns).

Azzok the Fighter (Centaur Berserker)               Turns: 8731, Time: 00:10:06

Health: -1/85      AC:  6    Str: 22    XL:     9   Next: 29%
Magic:  9/9        EV:  5    Int:  6    God:    Trog [****..]
Gold:   335        SH:  7    Dex: 10    Spells: 8/8 levels left

rFire    . . .     SeeInvis +   D - +0 long sword
rCold    . . .     Gourm    .   C - +0 shield
rNeg     . . .     Faith    +   s - +0 scale mail
rPois    .         Spirit   .   o - +1 helmet {SInv}
rElec    .         Reflect  .   x - +0 cloak
rCorr    .         Harm     .   (no gloves)
MR       .....                  (no barding)
Stlth    ..........             v - amulet of faith
HPRegen  0.24/turn              i - +1 ring of protection
MPRegen  0.11/turn              (no ring)

@: corroded, very quick
A: large, hooves 3, deformed body, speed 2, tough skin 3
a: Berserk, Trog's Hand, Brothers in Arms, Renounce Religion


You were on level 8 of the Dungeon.
You worshipped Trog.
Trog was greatly pleased with you.
You were very hungry.

You visited 1 branch of the dungeon, and saw 8 of its levels.

You collected 335 gold pieces.

Inventory:

Hand Weapons
 B - a +0 longbow
 D - a +0 long sword (weapon)
Missiles
 l - 137 arrows
Armour
 o - a +1 helmet of see invisible (worn)
 s - a +0 scale mail (worn)
 x - a +0 cloak (worn)
 C - a +0 shield (worn)
Jewellery
 i - a +1 ring of protection (left hand)
 m - a +2 amulet of reflection
 v - an amulet of faith (around neck)
Wands
 q - a wand of paralysis (8)
 t - a wand of clouds (6)
Scrolls
 e - 3 scrolls of remove curse {unknown}
 f - a scroll of enchant armour {unknown}
 g - a scroll of fog {unknown}
 h - 4 scrolls of identify
 j - 4 scrolls of teleportation {unknown}
 k - a scroll of immolation {unknown}
 p - a scroll of amnesia {unknown}
 y - 2 scrolls of noise {unknown}
 E - a scroll of magic mapping {unknown}
Potions
 a - a potion of curing {unknown}
 b - a potion of berserk rage {unknown}
 d - 3 potions of might {unknown}
 n - 2 potions of brilliance {unknown}
 r - a potion of agility {unknown}
 u - 2 potions of degeneration {unknown}
 z - a potion of lignification {unknown}
 A - a potion of magic {unknown}
Comestibles
 c - 12 rations


   Skills:
 - Level 10.2 Fighting
 - Level 2.6 Long Blades
 + Level 10.2 Bows
 - Level 1.3 Armour
 - Level 1.3 Dodging


You had 8 spell levels left.
You didn't know any spells.
Your spell library was empty.

Dungeon Overview and Level Annotations

Branches:
Dungeon (8/15)             Temple (0/1) D:5
   Lair: D:8-11

Altars:
Ashenzari
Kikubaaqudgha
Makhleb
Nemelex Xobeh
Ru
Sif Muna
Trog
Uskayaw
Vehumet
Wu Jian
Zin
The Shining One

Annotations:
D:5 Blork the orc
D:7 3 runed translucent doors, p0werm0de's ghost, amateur DsWn


Innate Abilities, Weirdness & Mutations

You have hooves in place of feet.
Armour fits poorly on your strangely shaped body.
You cover ground very quickly.
You have extremely tough skin. (AC +3)


Message History

The gnoll hits you from afar with a +0 spear.
* * * LOW HITPOINT WARNING * * *
The gnoll hits you from afar with a +0 spear.
* * * LOW HITPOINT WARNING * * *
Your shield and scale mail prevent you from hitting the gnoll sergeant.
Your kick misses the gnoll sergeant.
The gnoll sergeant is heavily wounded.
The gnoll hits you with a +0 club.
* * * LOW HITPOINT WARNING * * *
The gnoll sergeant closely misses you.
The gnoll hits you from afar with a +0 spear.
* * * LOW HITPOINT WARNING * * *
You block the gnoll's attack.
Your scale mail prevents you from hitting the gnoll sergeant.
Your kick misses the gnoll sergeant.
The gnoll sergeant is heavily wounded.
The gnoll hits you from afar with a +0 spear.
* * * LOW HITPOINT WARNING * * *
The gnoll sergeant hits you with a cursed +0 trident!
You die...

▒▒▒▒▒ ▒
▒·@·▒
▒·▒g▒g▒
▒·lg·g▒
▒····<▒
▒···g▒▒
·······
·······
▒▒▒····
···▒▒▒


You could see a gnoll sergeant, an iguana and 3 gnolls.

Vanquished Creatures
  Pikel (D:5)
  A water moccasin (D:7)
  2 sky beasts (D:7)
  2 black bears
  A phantom (D:6)
  3 ogres
  2 scorpions
  4 wights (D:7)
  A howler monkey (D:6)
  4 crimson imps
  2 jellies
  A bullfrog zombie (D:5)
  2 orc priests
  Ijyb (D:5)
  4 bullfrog skeletons
  2 orc wizards
  5 worker ants
  2 worker ant zombies (D:5)
  Robin (D:3)
  6 adders
  12 gnolls
  A shadow imp (D:7)
  2 worms
  3 dart slugs
  5 leopard geckos
  28 orcs
  A bat (D:3)
  5 giant cockroaches
  15 goblins
  4 hobgoblins
  6 jackals
  2 quokkas
  A ball python (D:1)
  4 frilled lizards
  13 kobolds
  8 rats
157 creatures vanquished.

Notes
Turn   | Place    | Note
-------+----------+-------------------------------------------
     0 | D:1      | Azzok the Centaur Berserker began the quest for the Orb.
     0 | D:1      | Reached XP level 1. HP: 19/19 MP: 1/1
   244 | D:1      | Reached XP level 2. HP: 24/26 MP: 2/2
   757 | D:2      | Reached XP level 3. HP: 17/34 MP: 3/3
   986 | D:2      | Reached ** piety under Trog
  1242 | D:2      | Found a hide-covered altar of Uskayaw.
  1246 | D:2      | Found a burning altar of Makhleb.
  1247 | D:2      | Found a glowing silver altar of Zin.
  1247 | D:2      | Found a sacrificial altar of Ru.
  1247 | D:2      | Found a glowing golden altar of the Shining One.
  1442 | D:2      | Reached XP level 4. HP: 41/41 MP: 4/4
  1470 | D:2      | Reached skill level 5 in Fighting
  2246 | D:3      | Reached XP level 5. HP: 50/50 MP: 5/5
  2423 | D:3      | Noticed Robin
  2454 | D:3      | Reached *** piety under Trog
  2464 | D:3      | Killed Robin
  2836 | D:3      | Found a sparkling altar of Nemelex Xobeh.
  3675 | D:4      | Reached XP level 6. HP: 58/58 MP: 6/6
  4208 | D:4      | Found a deep blue altar of Sif Muna.
  4586 | D:5      | Entered Level 5 of the Dungeon
  4586 | D:5      | Found a deep blue altar of Sif Muna.
  4589 | D:5      | Reached **** piety under Trog
  4805 | D:5      | Reached XP level 7. HP: 47/68 MP: 7/7
  4938 | D:5      | Noticed Ijyb
  4943 | D:5      | Noticed Pikel
  4947 | D:5      | Killed Ijyb
  4952 | D:5      | Killed Pikel
  4952 | D:5      | Reached XP level 8. HP: 79/79 MP: 8/8
  5048 | D:5      | Reached skill level 10 in Fighting
  5558 | D:5      | Found a staircase to the Ecumenical Temple.
  5761 | D:5      | Reached skill level 1 in Bows
  5769 | D:5      | Noticed Blork the orc
  5778 | D:5      | Found a deep blue altar of Sif Muna.
  5900 | D:5      | Found a bloodstained altar of Trog.
  6428 | D:6      | Reached skill level 5 in Bows
  6690 | D:6      | Found a shattered altar of Ashenzari.
  6691 | D:6      | Found a sparkling altar of Nemelex Xobeh.
  7119 | D:6      | Found an ornate altar of the Wu Jian Council.
  7574 | D:7      | Reached XP level 9. HP: 85/85 MP: 9/9
  7840 | D:7      | Got a pitted wooden ring
  7945 | D:7      | Found a radiant altar of Vehumet.
  7978 | D:7      | Found an ancient bone altar of Kikubaaqudgha.
  7979 | D:7      | Identified the ring "Ixzuloan" {Wiz Int+4} (You found it on
                  | level 7 of the Dungeon)
  8126 | D:7      | Found a runed translucent gate.
  8126 | D:7      | Found a runed translucent gate.
  8126 | D:7      | Found a runed translucent gate.
  8126 | D:7      | Noticed p0werm0de's ghost (amateur DsWn)
  8156 | D:7      | Received a gift from Trog
  8517 | D:7      | Reached skill level 10 in Bows
  8731 | D:8      | Slain by a gnoll sergeant

Skill      XL: |  1  2  3  4  5  6  7  8  9 |
---------------+----------------------------+-----
Fighting       | 4 5 6 8 9 10 | 10.2
Bows           | 8 10 | 10.2
Long Blades    | |  2.6
Armour         | |  1.3
Dodging        | |  1.3

Action                   |  1- 3 |  4- 6 |  7- 9 || total
-------------------------+-------+-------+-------++-------
Melee: Falchion          |    80 |   208 |   174 ||   462
       Kick              |    18 |    50 |    93 ||   161
       Long sword        |       |       |    57 ||    57
Invok: Berserk           |       |     6 |     2 ||     8
  Use: Scroll            |       |       |     3 ||     3
  Eat: Chunk             |     1 |    15 |     8 ||    24
       Ration            |       |       |     1 ||     1
Armor: Animal skin       |    15 |       |       ||    15
       Ring mail         |    13 |    62 |       ||    75
       Scale mail        |       |    16 |   131 ||   147
Dodge: Dodged            |    30 |    99 |    88 ||   217
Block: Other             |       |     6 |    16 ||    22
       Shield            |       |       |    44 ||    44
       Rpst.: Falchion   |    10 |    21 |    24 ||    55
       Long sword        |       |       |     4 ||     4
